 Dungeon Crawl Stone Soup version 0.19.4 (webtiles) character file.

31555 Gargoyl the Protected (level 13, -3/113 HPs)
             Began as a Ghoul Abyssal Knight on Jan 31, 2017.
             Was a Priest of Lugonu.
             Slain by a death yak (18 damage)
             ... on level 6 of the Lair of Beasts.
             The game lasted 00:41:19 (17650 turns).

Gargoyl the Protected (Ghoul Abyssal Knight)       Turns: 17650, Time: 00:41:19

Health: -3/113     AC: 24    Str: 23    XL:     13   Next: 58%
Magic:  8/20       EV:  8    Int:  7    God:    Lugonu [***...]
Gold:   972        SH:  0    Dex: 13    Spells: 0 memorised, 12 levels left

rFire  . . .     SeeInvis .     I - +7 scimitar
rCold  + . .     Gourm    .     d - +0 plate armour
rNeg   + + +     Faith    .     (no shield)
rPois  ∞         Spirit   .     e - +0 helmet
rElec  .         Reflect  .     i - +2 cloak
rCorr  .         Harm     .     p - +1 pair of gloves
MR     .....                    X - +0 pair of boots (curse)
Stlth  ..........               (no amulet)
                                B - +3 ring of dexterity
                                f - +4 ring of strength

@: rotting
A: rotting body, claws 1, carnivore 3, cold resistance 1, negative energy
resistance 3, slow regeneration 1, torment resistance, unbreathing
a: Depart the Abyss, Bend Space, Banish, Renounce Religion


You were on level 6 of the Lair of Beasts.
You worshipped Lugonu.
Lugonu was most pleased with you.
You were not hungry.

You visited 2 branches of the dungeon, and saw 16 of its levels.
You visited the Abyss 1 time.
You also visited: Ice Cave.

You collected 972 gold pieces.

Inventory:

Hand Weapons
 G - a +0 war axe
 I - a +7 scimitar (weapon)
 L - a +2 scimitar of flaming
Missiles
 y - 4 javelins of returning (quivered)
Armour
 d - a +0 plate armour (worn)
 e - a +0 helmet (worn)
 i - a +2 cloak (worn)
 p - a +1 pair of gloves (worn)
 X - a cursed +0 pair of boots (worn)
Jewellery
 f - a +4 ring of strength (left hand)
 h - an uncursed ring of protection from magic
 q - an uncursed ring of protection from cold
 r - an uncursed ring of see invisible
 u - an uncursed ring of fire
 B - a +3 ring of dexterity (right hand)
 P - an uncursed ring of ice {unknown}
Wands
 a - a wand of iceblast (10/15)
 s - a wand of acid (8/15)
 x - a wand of slowing (16/48)
 C - a wand of flame (18/48)
 J - a wand of iceblast (7/15)
 V - a wand of lightning (6/15)
Scrolls
 b - 4 scrolls of fog
 g - a scroll of blinking
 l - 3 scrolls of fear
 n - 6 scrolls of remove curse
 w - a scroll of teleportation
 D - 2 scrolls of amnesia
 F - 5 scrolls of identify
 K - a scroll of torment
 M - 5 scrolls of magic mapping
Potions
 j - a potion of curing
 m - a potion of magic
 o - 5 potions of brilliance
 v - 2 potions of agility
 E - a potion of resistance
Books
 z - a book of Debilitation

   Spells                             Type                      Level
   a - Corona                         Hexes                        1
   b - Slow                           Hexes                        2
   c - Gell's Gravitas                Hexes/Translocation          3
   d - Inner Flame                    Hexes/Fire                   3
   e - Cause Fear                     Hexes                        4
   f - Leda's Liquefaction            Hexes/Earth                  4
 N - a book of Cantrips

   Spells                             Type                      Level
   a - Confusing Touch                Hexes                        1
   b - Animate Skeleton               Necromancy                   1
   c - Summon Small Mammal            Summoning                    1
   d - Apportation                    Translocation                1
 O - a book of Burglary

   Spells                             Type                      Level
   a - Swiftness                      Charms/Air                   2
   b - Passwall                       Transmutation/Earth          2
   c - Passage of Golubria            Translocation                4
   d - Lee's Rapid Deconstruction     Earth                        5
   e - Darkness                       Hexes                        6
   f - Invisibility                   Hexes                        6
Comestibles
 c - 10 meat rations
 k - 5 slices of pizza
 t - 8 beef jerkies
 A - a royal jelly


   Skills:
 + Level 10.2 Fighting
 + Level 10.3 Long Blades
 + Level 6.8 Axes
 + Level 0.1 Throwing
 * Level 11.6 Armour
 + Level 2.0 Dodging
 * Level 11.3 Invocations
 + Level 1.6 Evocations


You had 12 spell levels left.
You didn't know any spells.

Dungeon Overview and Level Annotations

Branches:
Dungeon (10/15)            Temple (0/1) D:6            Lair (6/6) D:10
  Swamp (0/4) Lair:2        Snake (0/4) Lair:3        Slime (0/5) Lair:5
    Orc: D:9-12

Altars:
Ru
Sif Muna
Trog
The Shining One

Shops:
D:4 (

Annotations:
Abyss:1 Rupert, Snorg


Innate Abilities, Weirdness & Mutations

Your body is rotting away.
You thrive on raw meat.
You are immune to poison.
You have sharp fingernails.
You are carnivorous and can eat meat at any time.
Your flesh is cold resistant. (rC+)
You are immune to negative energy. (rN+++)
You regenerate slowly when monsters are visible.
You are immune to unholy pain and torment.
You can survive without breathing.


Message History

You slash the death yak!
The death yak is almost dead.
The death yak gores you! The death yak gores you!!
* * * LOW HITPOINT WARNING * * *
Press: ? - help, Shift-Dir - straight line, f - death yak
Aim: a death yak (lightly wounded, chance to defeat MR: 25%)
The death yak resists with almost no effort.
You feel somewhat more hungry. The death yak barely misses you.
The death yak gores you!!
* * * LOW HITPOINT WARNING * * *
Press: ? - help, Shift-Dir - straight line, f/p - death yak
Aim: a death yak (lightly wounded, chance to defeat MR: 25%)
The death yak resists with almost no effort.
You feel somewhat more hungry.
The death yak gores you but does no damage. x2
Press: ? - help, Shift-Dir - straight line, f/p - death yak
Aim: a death yak (lightly wounded, chance to defeat MR: 25%)
The death yak resists with almost no effort.
You feel somewhat more hungry. The death yak gores you!!
You die...

................## ##...
...............%.# #P..
................### #######...
...............##.## ##.#..##...
.................#.####...###....
........:........................
.................................
.......(.........................
........?......Y@(.....###.##P...
.#.............Y..###### ##.###..
##................P### ### #P.
#....................##########..
.Y..P..................#.P#.#....
........P.......PP...............
.........P#..#..P#....###...##.##
..Y....#######...##.### ########
.......# ####.###


You could see 2 death yaks.

Vanquished Creatures
  3 hydras
  Erica (D:8)
  A death yak (Lair:6)
  Nergalle (Lair:4)
  5 black mambas
  11 elephants
  6 spiny frogs
  2 rime drakes
  5 komodo dragons
  A hornet (Lair:4)
  A polar bear (Lair:6)
  Prince Ribbit (D:9)
  23 blink frogs
  5 hippogriffs
  5 dream sheep (Lair:6)
  2 wyverns
  A hungry ghost (D:9)
  13 yaks
  4 nagas
  4 water moccasins
  6 porcupines
  An orc warrior (D:8)
  A hornet zombie (D:9)
  An ice beast (D:5)
  4 sky beasts
  A black bear (Lair:6)
  3 phantoms
  7 ogres
  An eye of draining (D:10)
  3 centaurs
  10 crocodiles
  3 big kobolds (D:9)
  8 bullfrogs
  4 scorpions
  12 killer bees
  8 wights
  2 howler monkeys
  4 electric eels (Lair:5)
  A crimson imp (D:7)
  3 quasits
  7 orc priests
  Crazy Yiuf (D:7)
  2 hounds
  2 jellies
  2 bullfrog skeletons
  An iguana (D:9)
  8 orc wizards
  5 worker ants
  14 adders
  A shadow imp (D:7)
  5 white imps (IceCv)
  3 ufetubi (IceCv)
  An ooze (D:3)
  An adder zombie (D:8)
  An adder skeleton (D:7)
  A dart slug (D:2)
  8 leopard geckos
  29 orcs
  3 ball pythons
  3 giant cockroaches
  5 hobgoblins
  5 jackals
  8 quokkas
  6 bats
  7 frilled lizards
  8 goblins
  16 kobolds
  2 leopard gecko skeletons
  10 rats
343 creatures vanquished.

Vanquished Creatures (others)
  A death yak (Lair:6)
  An oklob plant (Lair:3)
  2 black mambas
  An efreet (D:10)
  A porcupine (Lair:5)
  2 white imps (IceCv)
  4 ufetubi (IceCv)
  6 fungi
  3 plants
21 creatures vanquished.

Grand Total: 364 creatures vanquished

Notes
Turn   | Place    | Note
-------+----------+-------------------------------------------
     0 | Abyss:1  | Gargoyl the Ghoul Abyssal Knight began the quest for the Orb.
     0 | Abyss:1  | Reached XP level 1. HP: 19/19 MP: 1/1
    35 | Abyss:1  | Noticed a large abomination
    35 | Abyss:1  | Noticed a crimson imp
    76 | Abyss:2  | Noticed a blink frog
    91 | Abyss:2  | Noticed a wretched star
    95 | D:1      | Escaped the Abyss
   349 | D:1      | Reached skill level 1 in Dodging
   428 | D:1      | Reached * piety under Lugonu
   428 | D:1      | Reached XP level 2. HP: 24/26 MP: 2/2
  1122 | D:2      | Reached XP level 3. HP: 27/31 MP: 3/3
  1317 | D:2      | Found a deep blue altar of Sif Muna.
  1476 | D:2      | Reached XP level 4. HP: 40/40 MP: 5/5
  1657 | D:2      | Found a faded altar of an unknown god.
  2155 | D:3      | Found a sacrificial altar of Ru.
  2155 | D:3      | Found a glowing golden altar of the Shining One.
  2639 | D:3      | Reached ** piety under Lugonu
  2752 | D:4      | Reached XP level 5. HP: 34/46 MP: 6/6
  2855 | D:4      | Noticed an ogre
  3245 | D:4      | Killed an ogre
  3245 | D:4      | Reached XP level 6. HP: 4/52 MP: 7/7
  3584 | D:4      | Found Boitwut's Weapon Boutique.
  3735 | D:5      | Entered Level 5 of the Dungeon
  3750 | D:5      | Noticed a sky beast
  3788 | D:5      | Killed a sky beast
  3788 | D:5      | Reached XP level 7. HP: 15/59 MP: 7/9
  3976 | D:5      | Reached skill level 1 in Evocations
  4429 | D:5      | Reached skill level 5 in Armour
  4429 | D:5      | Reached XP level 8. HP: 57/67 MP: 10/10
  4863 | D:6      | Reached skill level 5 in Axes
  5344 | D:6      | Reached skill level 5 in Fighting
  5344 | D:6      | Reached skill level 5 in Invocations
  5543 | D:6      | Reached *** piety under Lugonu
  5657 | D:6      | Found a staircase to the Ecumenical Temple.
  5984 | D:7      | Reached XP level 9. HP: 28/75 MP: 12/12
  6945 | D:7      | Found a runed door.
  6949 | D:7      | Noticed Crazy Yiuf
  6952 | D:7      | Killed Crazy Yiuf
  7027 | D:8      | Reached skill level 1 in Long Blades
  7485 | D:8      | Reached **** piety under Lugonu
  7512 | D:8      | Reached XP level 10. HP: 83/83 MP: 12/14
  7722 | D:8      | Noticed Erica
  7740 | D:8      | Killed Erica
  8385 | D:9      | Reached skill level 5 in Long Blades
  8540 | D:10     | Entered Level 10 of the Dungeon
  8605 | D:10     | Got an iridescent whip
  8606 | D:10     | Identified the +11 whip of the Final Chapter {drain, +Rage} (You found it on level 10 of the Dungeon)
  8615 | D:10     | Found a staircase to the Lair.
  9031 | D:9      | Noticed Prince Ribbit
  9065 | D:9      | Killed Prince Ribbit
  9385 | Lair:1   | Entered Level 1 of the Lair of Beasts
  9393 | Lair:1   | Reached XP level 11. HP: 79/92 MP: 16/16
  9592 | Lair:1   | Found a frozen archway.
  9613 | IceCv    | Entered an ice cave
  9782 | Lair:1   | Reached ***** piety under Lugonu
 10342 | Lair:2   | Noticed a five-headed hydra
 10355 | Lair:1   | Killed a one-headed hydra
 10446 | Lair:2   | Found a staircase to the Swamp.
 11063 | Lair:2   | Noticed a five-headed hydra
 11072 | Lair:2   | Killed a one-headed hydra
 12050 | Lair:3   | Found a staircase to the Snake Pit.
 12055 | Lair:3   | Found a bloodstained altar of Trog.
 12137 | Lair:3   | Reached XP level 12. HP: 30/102 MP: 17/17
 12813 | Lair:3   | Reached skill level 10 in Armour
 13195 | Lair:4   | Noticed Rupert
 13196 | Lair:4   | Paralysed by Rupert for 4 turns
 13213 | Lair:4   | Noticed Nergalle
 13238 | Lair:4   | Killed Nergalle
 13395 | Lair:4   | Paralysed by Rupert for 2 turns
 14236 | Lair:5   | Reached skill level 10 in Invocations
 14970 | Lair:5   | HP: 3/104 [komodo dragon (6)]
 15211 | Lair:5   | Found a staircase to the Slime Pits.
 15568 | Lair:5   | Reached XP level 13. HP: 12/111 MP: 19/19
 16023 | Lair:5   | Noticed Snorg
 16025 | Lair:5   | Banished Snorg
 16364 | Lair:4   | Banished Rupert
 16438 | Lair:4   | Reached skill level 10 in Long Blades
 16755 | Lair:5   | Reached skill level 10 in Fighting
 16770 | Lair:6   | Entered Level 6 of the Lair of Beasts
 16899 | Lair:6   | HP: 3/113 [blink frog (9)]
 17650 | Lair:6   | Slain by a death yak

Skill      XL: |  1  2  3  4  5  6  7  8  9 10 11 12 13 |
---------------+----------------------------------------+-----
Dodging        | 1 2 |  2.0
Armour         | 2 3 4 5 7 8 9 10 11 | 11.6
Axes           | 2 3 4 5 6 |  6.8
Invocations    | 3 4 5 6 8 9 10 11 | 11.3
Fighting       | 4 5 6 7 8 9 10 | 10.2
Evocations     | 1 |  1.6
Long Blades    | 3 6 8 9 10 | 10.3
Throwing       | |  0.1

Action                   |  1- 3 |  4- 6 |  7- 9 | 10-12 | 13-15 || total
-------------------------+-------+-------+-------+-------+-------++-------
Melee: Hand axe          |   128 |   194 |   367 |       |       ||   689
       Scimitar          |       |       |   102 |   829 |   214 ||  1145
       War axe           |       |       |       |    28 |    18 ||    46
Throw: Tomahawk          |       |     2 |       |       |       ||     2
       Javelin           |       |       |     2 |     4 |     4 ||    10
Invok: Depart the Abyss  |     1 |       |       |       |       ||     1
       Banish            |       |       |       |    12 |    11 ||    23
       Bend Space        |       |       |       |       |     1 ||     1
Evoke: Wand              |       |    11 |     6 |       |       ||    17
  Use: Scroll            |     8 |     7 |     5 |    14 |     2 ||    36
       Potion            |       |     3 |       |    16 |       ||    19
  Eat: Chunk             |    10 |    10 |    58 |   138 |    68 ||   284
Armor: Plate armour      |   136 |   162 |   339 |   917 |   236 ||  1790
Dodge: Dodged            |    42 |    42 |   125 |   466 |   125 ||   800
       Rpst.: Scimitar   |       |       |    14 |   128 |    24 ||   166
